 Dungeon Crawl Stone Soup version 0.26.0-10-g1f06aea511 (webtiles) character file.

Game seed: 10137400517979861254

21443 Borgoz the Carver (level 12, -5/105 HPs)
             Began as a Ghoul Gladiator on Jan 18, 2021.
             Was a High Priest of Okawaru.
             Killed from afar by Frances (33 damage)
             ... with an iron shot
             ... on level 13 of the Dungeon.
             The game lasted 00:25:07 (14785 turns).

Borgoz the Carver (Ghoul Gladiator)                Turns: 14785, Time: 00:25:08

Health: -5/105     AC: 27    Str: 21    XL:     12   Next: 90%
Magic:  12/14      EV: 17    Int:  3    God:    Okawaru [*****.]
Gold:   1100       SH:  5    Dex: 28    Spells: 8/11 levels left

rFire    . . .     SeeInvis +   a - +6 long sword of Experimentation {flame, *Slow Will+ Str+2 Dex+3}
rCold    + . .     Faith    .   (no shield)
rNeg     + + +     Spirit   .   h - +3 plate armour of Starshine {Harm Dex+5}
rPois    ∞         Reflect  +   r - +1 hat
rElec    .         Harm     +   z - +1 cloak {Will+}
rCorr    .         Rampage  .   d - +0 pair of gloves
Will     ++...                  s - +0 pair of boots
Stlth    ..........             x - amulet of reflection
HPRegen  0.00/turn              c - +6 ring of dexterity
MPRegen  0.14/turn              F - ring of see invisible

@: heroism
A: claws 1, cold resistance 1, negative energy resistance 3, inhibited
regeneration, torment resistance, unbreathing
a: Renounce Religion, Heroism, Finesse


You were on level 13 of the Dungeon.
You worshipped Okawaru.
Okawaru was extremely pleased with you.
You visited 2 branches of the dungeon, and saw 14 of its levels.

You collected 1100 gold pieces.

Inventory:

Hand Weapons
 a - the +6 long sword of Experimentation (weapon) {flame, *Slow Will+ Str+2 Dex+3}
   (You found it on level 9 of the Dungeon)

   It has been specially enchanted to burn those struck by it, causing extra
   injury to most foes and up to half again as much damage against particularly
   susceptible opponents.
   Big, fiery blades are also staple armaments of hydra-hunters.
   It affects your strength (+2).
   It affects your dexterity (+3).
   It affects your willpower, your defense against some magical effects.
   It may slow you when you take damage.
 b - a +0 great sword
Missiles
 C - a throwing net (quivered)
Armour
 d - a +0 pair of gloves (worn)
 h - the +3 plate armour of Starshine (worn) {Harm Dex+5}
   (Okawaru gifted it to you on level 8 of the Dungeon)

   It affects your dexterity (+5).
   It increases damage dealt and taken.
 r - a +1 hat (worn)
 s - a +0 pair of boots (worn)
 z - a +1 cloak of willpower (worn)
Jewellery
 c - a +6 ring of dexterity (left hand)
 x - an amulet of reflection (around neck)
 B - the ring of Duefe {Ice Will+ Int+4}
   (You took it off a gnoll on level 8 of the Dungeon)

   [ring of ice]

   It enhances your ice magic.
   It affects your intelligence (+4).
   It makes you vulnerable to fire.
   It protects you from cold.
   It affects your willpower, your defense against some magical effects.
 E - an uncursed ring of protection from cold
 F - a ring of see invisible (right hand)
Wands
 w - a wand of paralysis (6)
 y - a wand of iceblast (24)
 A - a wand of disintegration (14)
Scrolls
 i - 6 scrolls of teleportation
 l - 3 scrolls of enchant armour
 n - 4 scrolls of fear
 o - 9 scrolls of remove curse
 p - a scroll of enchant weapon
 q - 2 scrolls of blinking
 u - 8 scrolls of identify
 v - a scroll of magic mapping
Potions
 e - 7 potions of flight
 g - 4 potions of curing
 j - a potion of might
 m - a potion of magic
 t - 2 potions of brilliance


   Skills:
 + Level 9.6(14.6) Fighting
 * Level 11.3(16.3) Long Blades
 - Level 1.7(6.7) Throwing
 * Level 10.9(15.9) Armour
 + Level 8.2(13.2) Dodging
 - Level 5.0 Invocations


You had 8 spell levels left.
You knew the following spells:

 Your Spells              Type           Power        Failure   Level
a - Confusing Touch       Hex            0%           100%        3

Your spell library contained the following spells:

 Spells                   Type           Power        Failure   Level
 Corona                   Hex            0%           99%         1
 Ensorcelled Hibernation  Hex/Ice        0%           100%        2
 Poisonous Vapours        Pois/Air       0%           100%        2
 Conjure Flame            Conj/Fire      0%           100%        3
 Dazzling Flash           Conj/Hex       0%           100%        3
 Mephitic Cloud           Conj/Pois/Air  0%           100%        3
 Tukima's Dance           Hex            0%           100%        3
 Freezing Cloud           Conj/Ice/Air   0%           100%        6


Dungeon Overview and Level Annotations

Branches:
Dungeon (13/15)            Temple (1/1) D:7            Lair (0/6) D:10
    Orc (0/2) D:11
 Vaults: D:13-14

Altars:
Ashenzari
Cheibriados
Dithmenos
Elyvilon
Fedhas
Gozag
Hepliaklqana
Kikubaaqudgha
Makhleb
Nemelex Xobeh
Okawaru
Qazlal
Ru
Sif Muna
Trog
Uskayaw
Vehumet
Wu Jian
Xom
Yredelemnul
Zin
The Shining One

Shops:
D:8 *   D:12 =??

Annotations:
D:13 Frances


Innate Abilities, Weirdness & Mutations

You thrive by killing the living.
You are immune to poison.
You have sharp fingernails.
Your flesh is cold resistant. (rC+)
You are immune to negative energy. (rN+++)
You do not regenerate when monsters are visible.
You are immune to unholy pain and torment.
You can survive without breathing.


Message History

You are too injured to fight recklessly!
You are too injured to fight recklessly!
You are too injured to fight recklessly!
You are too injured to fight recklessly!
You are too injured to fight recklessly!
You are too injured to fight recklessly!
You are too injured to fight recklessly!
You are too injured to fight recklessly!
You are too injured to fight recklessly!
You are too injured to fight recklessly!
Unknown command.
You gain the combat prowess of a mighty hero.
Frances screams a word of power!
The iron shot hits you!
* * * LOW HITPOINT WARNING * * *
You slash Frances! You burn Frances.
Frances is moderately wounded.
Frances whispers indecipherable words.
The iron shot hits you!!
You die...

### ..# #..
#..## .(.## ...
#@######..
#@#....... #...#
#... ##.#.#.(.#
#..# .......()#
#..# ##.....#(#
#..# .
###.###.###..#
######. #.
#..##..# #......
#.
#..##..###.####.
#...............


You could see Frances (fast).

Vanquished Creatures
  Kirke (D:12)
  Josephine (D:12)
  A yaktaur captain (D:9)
  The ghost of p0werm0de the Fighter, a novice MiFi of Cheibriados (D:8)
  A centaur warrior (D:13)
  3 two-headed ogres (D:8)
  Nergalle (D:12)
  An ugly thing (D:11)
  Psyche (D:8)
  A kobold demonologist (D:11)
  A troll (D:12)
  A hornet (D:12)
  Prince Ribbit (D:5)
  Grinder (D:4)
  5 wraiths
  Sigmund (D:3)
  19 yaks
  A shadow (D:11)
  4 vampire mosquitoes (D:11)
  A warg (D:11)
  A water moccasin (D:8)
  6 phantoms
  10 orc warriors
  2 sky beasts
  A black bear (D:8)
  3 ice beasts
  3 ogres
  3 necrophages
  The ghost of Borgoz the Skirmisher, an amateur GrBe of Trog (D:3)
  2 centaurs
  4 big kobolds
  12 bullfrogs
  4 gnoll sergeants
  A wyvern skeleton (D:6)
  A water moccasin skeleton (D:7)
  6 scorpions
  9 wights
  8 killer bees
  5 howler monkeys
  4 crimson imps (D:3)
  2 centaur zombies
  6 quasits
  A bullfrog zombie (D:12)
  6 bullfrog skeletons
  3 hounds
  8 orc priests
  4 iguanas
  2 jellies
  12 orc wizards
  A gnoll shaman (D:8)
  2 centaur skeletons
  Terence (D:2)
  9 worker ants
  A killer bee zombie (D:7)
  A mummy (D:7)
  Robin (D:2)
  12 adders
  13 gnolls
  An ufetubus (D:8)
  An adder zombie (D:6)
  3 worms
  2 dart slugs
  6 leopard geckos
  63 orcs
  5 giant cockroaches
  16 goblins
  10 hobgoblins
  13 jackals
  22 kobolds
  A quokka (D:10)
  3 bats (D:2)
  3 frilled lizards
  A hobgoblin zombie (D:7)
  2 jackal skeletons
  2 kobold zombies (D:7)
  An orc zombie (D:7)
  8 rats
381 creatures vanquished.

Vanquished Creatures (others)
  Fannar (D:12)
  3 humans (D:12)
  An adder (D:12)
  6 plants (D:8)
11 creatures vanquished.

Grand Total: 392 creatures vanquished

Notes
Turn   | Place    | Note
-------+----------+-------------------------------------------
     0 | D:1      | Borgoz the Ghoul Gladiator began the quest for the Orb.
     0 | D:1      | Reached XP level 1. HP: 17/17 MP: 0/0
   157 | D:1      | Reached XP level 2. HP: 20/25 MP: 1/1
   505 | D:1      | Reached skill level 3 in Long Blades
   858 | D:2      | Reached skill level 1 in Armour
   932 | D:2      | Noticed Terence
   939 | D:2      | Killed Terence
   940 | D:2      | Reached XP level 3. HP: 28/30 MP: 2/2
  1043 | D:2      | Reached XP level 4. HP: 34/37 MP: 3/3
  1254 | D:2      | Found a sparkling altar of Nemelex Xobeh.
  1975 | D:3      | Noticed Robin
  1983 | D:3      | Reached XP level 5. HP: 39/45 MP: 4/4
  2128 | D:2      | Killed Robin
  2244 | D:3      | Noticed an ogre
  2257 | D:3      | Killed an ogre
  2258 | D:3      | Reached skill level 4 in Long Blades
  2264 | D:3      | Reached XP level 6. HP: 51/51 MP: 5/5
  2336 | D:3      | Found an iron altar of Okawaru.
  2350 | D:3      | Became a worshipper of Warmaster Okawaru
  2455 | D:3      | Found a transporter.
  2459 | D:3      | Noticed Borgoz's ghost (amateur GrBe)
  2499 | D:3      | Noticed Sigmund
  2500 | D:3      | Found a transporter.
  2507 | D:3      | Killed Sigmund
  2508 | D:3      | Reached skill level 1 in Invocations
  2601 | D:3      | Found a shimmering altar of Xom.
  2605 | D:3      | Reached XP level 7. HP: 58/58 MP: 6/6
  2853 | D:3      | Reached * piety under Okawaru
  3321 | D:4      | Found a shimmering blue altar of Sif Muna.
  3570 | D:4      | Noticed Grinder
  3576 | D:4      | Paralysed by Grinder for 7 turns
  3586 | D:4      | Paralysed by Grinder for 7 turns
  3599 | D:4      | Paralysed by Grinder for 4 turns
  3612 | D:4      | Killed Grinder
  3613 | D:4      | Reached skill level 5 in Long Blades
  4036 | D:5      | Entered Level 5 of the Dungeon
  4050 | D:4      | Reached XP level 8. HP: 14/66 MP: 8/8
  4700 | D:5      | Noticed Prince Ribbit
  4707 | D:5      | Killed Prince Ribbit
  4707 | D:5      | Reached ** piety under Okawaru
  4712 | D:5      | Got a spiked leather armour
  4723 | D:5      | Identified the cursed +1 leather armour of the Eternal Void
                  | {rC- rN+ Regen+} (You found it on level 5 of the Dungeon)
  4846 | D:5      | Found a glowing golden altar of the Shining One.
  4903 | D:5      | Found a snail-covered altar of Cheibriados.
  5000 | D:5      | Found a shadowy altar of Dithmenos.
  5072 | D:5      | Reached skill level 5 in Armour
  5230 | D:5      | Found a broken altar of Ashenzari.
  5236 | D:5      | Reached skill level 5 in Fighting
  5346 | D:5      | Found a snail-covered altar of Cheibriados.
  5465 | D:3      | Reached skill level 6 in Long Blades
  5477 | D:3      | Killed Borgoz's ghost
  5487 | D:3      | Reached XP level 9. HP: 38/74 MP: 10/10
  6399 | D:6      | Found a stormy altar of Qazlal.
  7042 | D:7      | Found a staircase to the Ecumenical Temple.
  7074 | D:7      | Reached skill level 5 in Dodging
  7201 | D:7      | Reached *** piety under Okawaru
  7447 | D:7      | Reached skill level 7 in Long Blades
  7598 | D:7      | Found a burning altar of Makhleb.
  7986 | D:8      | Found a transporter.
  8015 | D:8      | Identified the ring of Duefe {Ice Will+ Int+4}
  8015 | D:8      | Noticed p0werm0de's ghost (novice MiFi)
  8055 | D:8      | Found Zin's Purification Station.
  8060 | D:8      | Found a glowing silver altar of Zin.
  8108 | D:8      | Found a transporter.
  8112 | D:8      | Noticed a two-headed ogre
  8130 | D:8      | Killed a two-headed ogre
  8130 | D:8      | Received a gift from Okawaru
  8130 | D:8      | Reached **** piety under Okawaru
  8131 | D:8      | Reached skill level 5 in Invocations
  8131 | D:8      | Reached XP level 10. HP: 14/84 MP: 12/12
  8833 | D:8      | Noticed a two-headed ogre
  8846 | D:8      | Killed a two-headed ogre
  8846 | D:8      | Reached ***** piety under Okawaru
  8847 | D:8      | Reached skill level 8 in Long Blades
  8850 | D:8      | Noticed Psyche
  8852 | D:8      | Noticed a two-headed ogre
  8858 | D:8      | Killed Psyche
  8867 | D:8      | Killed a two-headed ogre
  9159 | D:8      | Found a hazy altar of Hepliaklqana.
  9203 | D:8      | Found an ornate altar of the Wu Jian Council.
  9583 | D:8      | Received a gift from Okawaru
  9588 | D:8      | Got a bloodstained plate armour {god gift}
  9599 | D:8      | Identified the +3 plate armour of Starshine {Harm Dex+5}
                  | (Okawaru gifted it to you on level 8 of the Dungeon)
  9613 | D:8      | Reached XP level 11. HP: 43/92 MP: 11/13
  9823 | D:8      | Reached skill level 9 in Long Blades
  9995 | D:9      | Found a runed translucent door.
 10353 | D:9      | Got a faintly glowing long sword
 10354 | D:9      | Identified the +6 long sword of Experimentation {flame,
                  | *Slow Will+ Str+2 Dex+3} (You found it on level 9 of the
                  | Dungeon)
 10624 | D:9      | Found a white marble altar of Elyvilon.
 10857 | D:9      | Identified the +1 robe of the Other Side {rPois rF++ rC-
                  | Stlth+}
 10857 | D:9      | Noticed a yaktaur captain
 10875 | D:9      | Killed a yaktaur captain
 11004 | D:10     | Entered Level 10 of the Dungeon
 11544 | D:10     | Found a staircase to the Lair.
 11947 | D:11     | Found a staircase to the Orcish Mines.
 12180 | D:11     | Reached skill level 10 in Long Blades
 12480 | D:11     | Noticed a cyan ugly thing
 12485 | D:11     | Reached ****** piety under Okawaru
 12498 | D:11     | Killed a cyan ugly thing
 12499 | D:11     | Reached XP level 12. HP: 91/103 MP: 12/14
 13117 | D:8      | Killed p0werm0de's ghost
 13117 | D:8      | Received a gift from Okawaru
 13118 | D:8      | Reached skill level 10 in Armour
 13514 | Temple   | Entered the Ecumenical Temple
 13785 | D:12     | Found Poffugom's Jewellery Shop.
 13804 | D:12     | Noticed Nergalle
 13817 | D:12     | Killed Nergalle
 13922 | D:12     | Noticed Fannar
 13922 | D:12     | Noticed Kirke
 13940 | D:12     | Killed Kirke
 13952 | D:12     | Killed Fannar
 13953 | D:12     | Reached skill level 11 in Long Blades
 14197 | D:12     | Noticed Josephine
 14210 | D:12     | Killed Josephine
 14488 | D:12     | Found Voliukk's Magic Scroll Shop.
 14630 | D:12     | Found Surewnoj's Magic Scroll Shoppe.
 14739 | D:12     | Learned a level 3 spell: Confusing Touch
 14768 | D:13     | Noticed a centaur warrior
 14771 | D:13     | Noticed Frances
 14782 | D:13     | Killed a centaur warrior
 14785 | D:13     | Killed from afar by Frances

Illustrated notes

Levels and vault maps discovered:
D:1:      dpeg_arrival_arbitrary_b, layout_basic, minivault_27,
          amcnicky_mini_corridor_feature
D:2:      minmay_door_path, layout_loops_corners,
          nemelex_xobeh_ov_fountains_minmay, minmay_tiny_reverse_x, uniq_terence
D:3:      layout_basic, led_xom_imps, old_standard_altar,
          gammafunk_ghost_stat_death, minmay_ogre_servants, uniq_sigmund,
          uniq_robin
D:4:      layout_basic, led_sif_pool, uniq_grinder
D:5:      layout_loops_ring, lemuel_doored_altar, tso_oasis_becter,
          lemuel_round_altar, kennysheep_little_box, small_statue_intersection,
          minivault_19, chei_slow_surprise, uniq_prince_ribbit1
D:6:      layout_basic, grunt_qazlal_sundering
D:7:      layout_loops_ring, nicolae_overflow_hidden_temple,
          minmay_temple_entry_mini_moons, grunt_ministairs_8,
          minmay_mini_ossuary
D:8:      layout_loops_ring, zin_purify, kennysheep_mini_moat,
          nzn_hepliaklqana_mist_gate, gammafunk_ghost_gnarly_gnolls,
          minmay_misc_feat_secret_circle, uniq_psyche
D:9:      layout_cave_pods, general_overflow_altar, wad_hexagon
D:10:     layout_basic, lair_entry_dummy
D:11:     layout_stronghold, david_orc_1_choice, serial_column_ruins,
          column_ruins_corridor_water, column_ruins_columns_T,
          column_ruins_open_tiny, column_ruins_corridor_dead_end
D:12:     layout_roguey, serial_shops, shop_scrolls, shop_coins, shop,
          uniq_fannar, uniq_nergalle, uniq_kirke, uniq_josephine
D:13:     layout_basic, hangedman_vaults_entry_quadrant_bands, uniq_frances,
          uniq_rupert
Temple:   nicolae_temple_figure_zero

Skill      XL: |  1  2  3  4  5  6  7  8  9 10 11 12 |
---------------+-------------------------------------+-----
Long Blades    | 3 4 5 6 7 8 10 11 | 11.3
Armour         | 1 2 3 4 5 6 8 9 10 | 10.9
Dodging        | 3 4 5 6 7 8 |  8.2
Fighting       | 3 4 5 6 7 8 9 |  9.6
Invocations    | 1 2 3 5 |  5.0
Throwing       | |  1.7

Action                   |  1- 3 |  4- 6 |  7- 9 | 10-12 || total
-------------------------+-------+-------+-------+-------++-------
Melee: Long sword        |    61 |   133 |   427 |   576 ||  1197
       Punch             |       |       |       |     5 ||     5
Throw: Throwing net      |       |       |     4 |       ||     4
Invok: Heroism           |       |       |     1 |    13 ||    14
Evoke: Wand              |       |       |     8 |    12 ||    20
  Use: Scroll            |     5 |     3 |    13 |     6 ||    27
       Potion            |       |       |     6 |     5 ||    11
 Stab: Invisible         |       |       |     5 |       ||     5
       Held in net/web   |       |       |     4 |       ||     4
Armor: Leather armour    |    10 |       |     1 |       ||    11
       Ring mail         |    23 |    64 |   178 |    37 ||   302
       Plate armour      |       |       |       |   221 ||   221
Dodge: Dodged            |    49 |   115 |   363 |   411 ||   938
Block: Other             |       |       |       |   102 ||   102
       Reflection        |       |       |       |     9 ||     9
       Rpst.: Long sword |    17 |    39 |    85 |   119 ||   260
